 Dungeon Crawl Stone Soup version 0.31.0-12-g77e489cdc1 (webtiles) character file.

Game seed: 5644706850123522562

273 Chiseanne the Magician (level 6, 43/43 HPs)
             Began as a Demonspawn Wanderer on Feb 20, 2024.
             Quit the game on level 4 of the Dungeon.
             The game lasted 00:07:40 (3388 turns).

Chiseanne the Magician (Demonspawn Wanderer)        Turns: 3388, Time: 00:07:40

Health: 43/43      AC:  4    Str:  9    XL:     6   Next: 2%
Magic:  12/13      EV: 11    Int: 20    God:
Gold:   192        SH:  4    Dex: 10    Spells: 13/14 levels left

rFire   . . .        a - +0 rapier
rCold   . . .        (no shield)
rNeg    . . .        d - +1 robe
rPois   .            i - +0 helmet
rElec   .            (no cloak)
rCorr   +            (no gloves)
SInv    .            (no boots)
Will    .....        (no amulet)
Stlth   +            f - ring of resist corrosion
HPRegen 0.27/turn    (no ring)
MPRegen 0.13/turn

%: no passive effects
@: no status effects
A: spiny 1, condensation shield, demonic touch 1
a: no special abilities


You were on level 4 of the Dungeon.
You visited 1 branch of the dungeon, and saw 4 of its levels.

You collected 192 gold pieces.

Inventory:

Hand Weapons
 a - a +0 rapier (weapon)
Missiles
 b - 10 boomerangs (quivered)
 e - 64 stones
 h - 3 poisoned darts
Armour
 d - a +1 robe (worn)
 g - a +0 leather armour
 i - a +0 helmet (worn)
 l - a +0 ring mail
Jewellery
 f - a ring of resist corrosion (left hand)
Scrolls
 m - a scroll of identify
 n - a scroll of teleportation {unknown}
Potions
 c - 2 potions of curing
 j - 2 potions of lignification
 k - a potion of mutation {unknown}


   Skills:
 - Level 1.0 Fighting
 - Level 1.0 Throwing
 * Level 4.9 Spellcasting
 * Level 4.7 Conjurations
 - Level 3.2 Necromancy


You had 13 spell levels left.
You knew the following spells:

 Your Spells              Type           Power      Damage    Failure   Level
a - Sting                 Conj/Alch      56%        1d6       4%          1

Your spell library contained the following spells:

 Spells                   Type           Power      Damage    Failure   Level
 Kiss of Death            Conj/Necr      80%        2d11      2%          1
 Necrotise                Necr           72%        1d7       3%          1
 Sublimation of Blood     Necr           18%        N/A       4%          2
 Stone Arrow              Conj/Erth      28%        3d8       13%         3
 Lesser Beckoning         Tloc           8%         N/A       19%         2
 Gell's Gravitas          Tloc           4%         N/A       34%         3
 Teleport Other           Tloc           4%         N/A       34%         3
 Animate Armour           Summ/Erth      8%         N/A       75%         4
 Lehudib's Crystal Spear  Conj/Erth      7%         10d3      100%        8


Dungeon Overview and Level Annotations

Branches:
Dungeon (4/15)
 Temple: D:4-7

Altars:
Fedhas
Gozag
Hepliaklqana
Ru
Wu Jian
Xom


Innate Abilities, Weirdness & Mutations

You are partially covered in sharp spines.
A meltable shield of frost defends you. (SH +4)
Your touch may inflict minor irresistible damage on your foes.


Message History

Press: ? - help, Shift-Dir - straight line, f - scorpion
Aim: a scorpion (asleep, 100% to hit)
The sting hits the scorpion.
The scorpion is poisoned.
The scorpion is lightly wounded.
Casting: Sting (safe; 4% risk of failure)
Confirm with . or Enter, or press ? or * to list all spells.
Aiming: Sting (safe; 4% risk of failure)
Press: ? - help, Shift-Dir - straight line, f/p - scorpion
Aim: a scorpion (lightly wounded, poisoned, 71% to hit)
The sting hits the scorpion.
The scorpion looks even sicker.
The scorpion is moderately wounded.
You kill the scorpion!
You have reached level 6!
Your demonic ancestry asserts itself...
Your hands begin to faintly glow with unholy energy.
You see here a scorpion corpse.
m - a scroll of identify You see here a scorpion corpse.
You now have 175 gold pieces (gained 7).
There is a stone staircase leading up here.
n - a scroll labelled GEINAO QUASMEV A hobgoblin comes into view.
Found 17 gold pieces.
Casting: Sting (safe; 4% risk of failure)
Confirm with . or Enter, or press ? or * to list all spells.
Aiming: Sting (safe; 4% risk of failure)
Press: ? - help, Shift-Dir - straight line, f - hobgoblin
Aim: a hobgoblin (71% to hit)
The sting hits the hobgoblin.
The hobgoblin is poisoned.
The hobgoblin is moderately wounded.
Casting: Sting (safe; 4% risk of failure)
Confirm with . or Enter, or press ? or * to list all spells.
Aiming: Sting (safe; 4% risk of failure)
Press: ? - help, Shift-Dir - straight line, f/p - hobgoblin
Aim: a hobgoblin (heavily wounded, poisoned, 71% to hit)
The sting hits the hobgoblin.
The hobgoblin looks even sicker.
You kill the hobgoblin!
You now have 192 gold pieces (gained 17).
e - 64 stones (gained 8) Are you sure you want to abandon this character and quit the game? (Confirm with "yes".)

##.....#.#......#
########...####..#.....#
..........## ##.#.....#
######...# #<##..###
##.### #...#.# ###..#
###.... #...## ##.[..
##### ##.#### #..
#.....##....@## #
>.............##
...............#
..........>....#
...............#
...............#
...............#
...............#
.............$##


There were no monsters in sight!

Vanquished Creatures
  A scorpion (D:4)
  3 jellies (D:3)
  Robin (D:3)
  3 adders
  3 dart slugs
  A ribbon worm (D:2)
  An orc (D:3)
  12 endoplasms
  2 giant cockroaches
  12 goblins
  10 hobgoblins
  3 quokkas
  4 ball pythons
  2 bats
  2 frilled lizards (D:2)
  15 kobolds
  2 rats (D:1)
77 creatures vanquished.

Notes
Turn   | Place    | Note
-------+----------+-------------------------------------------
     0 | D:1      | Chiseanne the Demonspawn Wanderer began the quest for the
                  | Orb.
     0 | D:1      | Chiseanne set off with the following items: a +0 dagger, 6
                  | boomerangs, a potion of curing, a +0 robe; and the
                  | following spells available to memorise: Necrotise, Kiss of
                  | Death, Sublimation of Blood, Sting, Stone Arrow.
     0 | D:1      | Reached XP level 1. HP: 15/15 MP: 4/4
     2 | D:1      | Learned a level 1 spell: Sting
   329 | D:1      | Gained mutation: You are partially covered in sharp spines.
                  | [demonic ancestry]
   329 | D:1      | Reached XP level 2. HP: 21/21 MP: 0/6
   393 | D:1      | You fall into a shaft and drop 1 floor!
  1090 | D:2      | Gained mutation: A meltable shield of frost defends you.
                  | (SH +4) [demonic ancestry]
  1090 | D:2      | Reached XP level 3. HP: 13/26 MP: 2/8
  1858 | D:3      | Reached XP level 4. HP: 32/32 MP: 2/9
  1982 | D:3      | Found a hazy altar of Hepliaklqana.
  1982 | D:3      | Found a blossoming altar of Fedhas.
  1982 | D:3      | Found an opulent altar of Gozag.
  1982 | D:3      | Found an opulent altar of Gozag.
  1982 | D:3      | Found a sacrificial altar of Ru.
  1982 | D:3      | Found an ornate altar of the Wu Jian Council.
  2128 | D:3      | Reached XP level 5. HP: 24/37 MP: 4/11
  2424 | D:3      | Found a shimmering altar of Xom.
  2548 | D:3      | Found a faded altar of an unknown god.
  2645 | D:3      | Noticed Robin
  2667 | D:3      | Killed Robin
  3338 | D:4      | Gained mutation: Your touch may inflict minor irresistible
                  | damage on your foes. [demonic ancestry]
  3338 | D:4      | Reached XP level 6. HP: 43/43 MP: 10/13
  3388 | D:4      | Quit the game

Illustrated notes

Levels and vault maps discovered:
D:1:      dpeg_arrival_round_b, layout_basic, corexii_corridor_pit
D:2:      layout_rooms, minmay_domino_4
D:3:      cheibrodos_fertilizer, layout_loops_corners, xom_butterflies,
          shapermc_ecumenical_altar_mp_vishouse, st_stairs_13, uniq_robin
D:4:      layout_rooms, general_overflow_altar,
          nicolae_overflow_macrodata_refinement, minmay_mini_ossuary,
          uniq_blork_the_orc, uniq_grinder

Skill      XL: |  1  2  3  4 |
---------------+-------------+-----
Conjurations   | 3 4 |  4.7
Spellcasting   | 4 |  4.9
Fighting       | |  1.0
Throwing       | |  1.0
Necromancy     | |  3.2

Action                     |  1- 3 |  4- 6 || total
---------------------------+-------+-------++-------
  Melee: Dagger            |    18 |       ||    18
         Short sword       |    14 |    29 ||    43
  Throw: Boomerang         |     1 |     7 ||     8
   Cast: Sting             |    67 |    58 ||   125
    Use: Scroll            |     5 |       ||     5
 Armour: Robe              |    22 |    21 ||    43
  Dodge: Dodged            |    20 |     9 ||    29
  Block: Other             |     4 |     8 ||    12
